Cogmind - Beta 10.2 @@@ ROGUE MODE // 2021.05.07 @ 12:30:59 Player: Teratos Result: Self-destructed Performance ------------- Evolutions (2) 1000 Regions Visited (5) 1000 Robots Destroyed (20) 100 Value Destroyed (498) 498 Prototype IDs (3) 60 Alien Tech Used (0) 0 Bonus (300) 300 TOTAL SCORE: 2958 Bonus ------- Aligned with FarCom 300 Cogmind --------- Core Integrity 473/550 Matter 282/300 Energy 197/300 System Corruption 0% Temperature Cool (183) Movement Walking (210) Ox3 Location -8/Materials Parts ------- > --- POWER (1) -------- (None) > --- PROPULSION (2) --- Aluminum Leg Aluminum Leg > --- UTILITY (6) ------ High-capacity Storage Unit Medium Battery > --- WEAPON (2) ------- (None) > --- INVENTORY (12) --- (None) Peak State ------------ > --- POWER ------------ Ion Engine > --- PROPULSION ------- Aluminum Leg Aluminum Leg > --- UTILITY ---------- Medium Battery Medium Battery > --- WEAPON ----------- Firepult > --- INVENTORY -------- (None) [Rating: 25] Favorites ----------- Power Ion Engine Engine Ion Engine Power Core Light Nuclear Core Propulsion Aluminum Leg Leg Aluminum Leg Utility Medium Storage Unit Device Trap Reconfigurator Storage Medium Storage Unit Protection Hardened Light Armor Plating Weapon Heavy Assault Rifle Energy Gun EM Pulse Gun Energy Cannon Firepult Ballistic Gun Heavy Assault Rifle Ballistic Cannon Slug Cannon Build | -11 -10 -10 -10 -9 -8 ------- Run | Scr Mat Min Exi Min Mat Slots Evolved 4 | . . . . . 4 Power . | . . . . . . Propulsion . | . . . . . . Utility 4 | . . . . . 4 Weapon . | . . . . . . Parts Attached 23 | 5 7 1 10 . . Power 5 | 1 4 . . . . Engine 4 | 1 3 . . . . Core 1 | . 1 . . . . Reactor . | . . . . . . Propulsion 2 | 2 . . . . . Treads . | . . . . . . Leg 2 | 2 . . . . . Wheel . | . . . . . . Hover . | . . . . . . Flight . | . . . . . . Utility 10 | . 2 . 8 . . Device 1 | . . . 1 . . Storage 8 | . 1 . 7 . . Processor . | . . . . . . Hackware . | . . . . . . Protection 1 | . 1 . . . . Artifact . | . . . . . . Weapon 6 | 2 1 1 2 . . Energy Gun 3 | 2 . . 1 . . Energy Cannon 1 | . . . 1 . . Ballistic Gun 1 | . 1 . . . . Ballistic Cannon 1 | . . 1 . . . Launcher . | . . . . . . Special Weapon . | . . . . . . Impact Weapon . | . . . . . . Slashing Weapon . | . . . . . . Piercing Weapon . | . . . . . . Special Melee Weapon . | . . . . . . Unidentified Prototypes 3 | . . . 3 . . Parts Lost 2 | . . . . . 2 Power 1 | . . . . . 1 Propulsion . | . . . . . . Utility . | . . . . . . Weapon 1 | . . . . . 1 Highest Loss Streak 2 | . . . . . 2 Average Slot Usage (%) 83 | . 89 100 83 85 53 Engine 13 | . 13 14 14 14 8 Leg 26 | . 28 28 28 28 18 Storage 15 | . 11 14 14 28 18 Protection 4 | . 6 14 2 . . Energy Gun 4 | . 21 7 . . . Energy Cannon 4 | . . . 4 14 9 Ballistic Gun 7 | . 6 14 9 . . Ballistic Cannon 5 | . . 7 9 . . Naked Turns . | . . . . . . Heaviest Build 61 | 8 23 28 61 61 61 Greatest Support 20 | 20 20 20 20 20 10 Greatest Overweight (x) 6 | . 1 1 3 6 6 Average Overweight (x) 1 | . . 1 1 5 5 Largest Inventory Capacity 24 | 4 8 8 24 12 12 Average Capacity 8 | 4 7 8 8 12 12 Most Carried . | . . . . . . Average Carried . | . . . . . . Final Capacity 12 | 4 8 8 12 12 12 Final Carried . | . . . . . . Class Distribution -------------------- 100% | Mutant Dominant Class ---------------- Mutant | -10/Materials Mutant | -10/Mines Mutant | -10/Exiles Mutant | -9/Mines Mutant | -8/Materials Resources | -11 -10 -10 -10 -9 -8 ----------- Run | Scr Mat Min Exi Min Mat Matter Collected 454 | 181 148 61 26 38 . Remotely . | . . . . . . Salvage Created 632 | . 335 50 . 59 188 Parts 46 | . 30 1 . 4 11 Haulers Intercepted 2 | . 2 . . . . Recyclers Shooed 1 | . . . . 1 . Parts Field Recycled . | . . . . . . Retrieved Matter . | . . . . . . Parts Self-Destructed . | . . . . . . Prevented . | . . . . . . Kills | -11 -10 -10 -10 -9 -8 ------- Run | Scr Mat Min Exi Min Mat Combat Hostiles Destroyed 7 | . 4 1 . . 2 Guns 3 | . 2 1 . . . AOE 3 | . 2 . . . 1 Classes Destroyed 8 | . 4 . . 2 2 Worker 2 | . . . . 2 . Builder 5 | . . . . 1 4 Tunneler 1 | . 1 . . . . Hauler 2 | . 2 . . . . Operator 1 | . . . . . 1 Watcher 2 | . 2 . . . . Grunt 6 | . 4 1 . . 1 Brawler 1 | . . . . . 1 Best Kill Streak 5 | . 4 1 . 2 5 Combat Bots Only 2 | . 2 1 . . 2 Max Kills in Single Turn 1 | . 1 1 . 1 1 Gunslinging . | . . . . . . Exploded 1 | . 1 . . . 1 Melee . | . . . . . . Uniques/NPCs Destroyed . | . . . . . . Combat | -11 -10 -10 -10 -9 -8 -------- Run | Scr Mat Min Exi Min Mat Damage Taken 573 | . 131 135 . 13 294 Core 122 | . 27 15 . 3 77 Absorbed by Shields . | . . . . . . Core Remaining (%) 91 | 100 . . . 82 . Volleys Fired 47 | . 19 12 . 4 12 Largest 2 | . 2 2 . 1 1 Hottest 250 | . 80 71 . 250 250 Shots Fired 73 | . 37 20 . 4 12 Gun 52 | . 37 15 . . . Cannon 21 | . . 5 . 4 12 Launcher . | . . . . . . Special . | . . . . . . Kinetic 17 | . 4 13 . . . Thermal 30 | . 14 . . 4 12 Explosive . | . . . . . . Electromagnetic 26 | . 19 7 . . . Robot Hit Streak 14 | . 14 5 . . 5 Robot Miss Streak 5 | . 5 2 . . 3 Penetration Max . | . . . . . . Secondary Targets . | . . . . . . Shots Hit Robots 42 | . 26 11 . . 5 Core Hits 35 | . 13 3 . 3 16 Critical Hits . | . . . . . . Critical Kills . | . . . . . . Critical Parts Destroyed . | . . . . . . Melee Attacks . | . . . . . . Impact . | . . . . . . Slashing . | . . . . . . Piercing . | . . . . . . Sneak Attacks . | . . . . . . Combat Hostiles . | . . . . . . Follow-up Attacks . | . . . . . . Damage Inflicted 1242 | . 433 175 . 101 533 Guns 479 | . 349 130 . . . Cannons 115 | . . 45 . 15 55 Explosions 642 | . 84 . . 80 478 Melee . | . . . . . . Ramming 6 | . . . . 6 . Kinetic 180 | . 45 135 . . . Thermal 834 | . 206 . . 95 533 Explosive . | . . . . . . Electromagnetic 222 | . 182 40 . . . Impact . | . . . . . . Slashing . | . . . . . . Piercing . | . . . . . . Highest Corruption . | . . . . . . Average Corruption . | . . . . . . Corruption Purged . | . . . . . . Overload Shots . | . . . . . . Overflow Damage 15 | . . 15 . . . Projectiles 15 | . . 15 . . . Explosions . | . . . . . . Melee . | . . . . . . Knockbacks 1 | . . 1 . . . Impact . | . . . . . . Kinetic 1 | . . 1 . . . Secondary . | . . . . . . Self-Inflicted Damage 21 | . 8 . . 13 . Shots 2 | . 1 . . 1 . Rammed 1 | . . . . 1 . Targets Rammed 1 | . . . . 1 . Kicked . | . . . . . . Crushed . | . . . . . . Highest Temperature 589 | . 141 207 . 533 589 Average Temperature 136 | . 54 84 . 202 188 Received Heat Transfer 210 | . 66 81 . . 63 Effects 8 | . . . . 3 5 Shutdowns 1 | . . . . . 1 Energy Bleed 1 | . . . . . 1 Interference 1 | . . . . . 1 Short Circuit 1 | . . . . 1 . Damage (minor) 3 | . . . . 2 1 Damage (major) 1 | . . . . . 1 Siege Activations . | . . . . . . Robots Corrupted . | . . . . . . Combat Hostiles . | . . . . . . Parts Fried . | . . . . . . Impact Corruptions . | . . . . . . Robots Melted 2 | . . . . . 2 Combat Hostiles 1 | . . . . . 1 Parts Melted 11 | . . . . 3 8 Heat Transferred 3895 | . 325 . . 480 3090 Parts Sabotaged . | . . . . . . Parts Stolen . | . . . . . . Parts Stripped . | . . . . . . Power Chain Reactions 2 | . 2 . . . . Missiles Intercepted . | . . . . . . Alert | -11 -10 -10 -10 -9 -8 ------- Run | Scr Mat Min Exi Min Mat Peak Influence 213 | . 208 111 . 105 213 Initial 81 | . . 81 . . 40 Average 103 | . 128 96 . 94 114 Maximum Alert Level 1 | . 1 . . . 1 Low Security (%) 96 | 100 90 100 . 100 93 Level 1 3 | . 9 . . . 6 Level 2 . | . . . . . . Level 3 . | . . . . . . Level 4 . | . . . . . . Level 5 . | . . . . . . High Security . | . . . . . . Max Security . | . . . . . . Squads Dispatched 2 | . . . . . 2 Investigation . | . . . . . . Extermination . | . . . . . . Reinforcement 2 | . . . . . 2 Assault . | . . . . . . Garrison . | . . . . . . Intercept . | . . . . . . Construction Impeded 2 | . . . . . 2 Haulers Reinforced . | . . . . . . Stealth | -11 -10 -10 -10 -9 -8 --------- Run | Scr Mat Min Exi Min Mat Distress Signals . | . . . . . . Communications Jammed . | . . . . . . Distress Signals . | . . . . . . Times Spotted 13 | . 9 1 . . 3 Peak Tracking Total 4 | . 3 2 . . 4 Tactical Retreats 2 | . 2 . . . . Traps | -11 -10 -10 -10 -9 -8 ------- Run | Scr Mat Min Exi Min Mat Traps Triggered . | . . . . . . Indirectly . | . . . . . . Trap Hack Attempts . | . . . . . . Triggered . | . . . . . . Disarmed . | . . . . . . Reprogrammed . | . . . . . . Reused . | . . . . . . Traps Extracted . | . . . . . . Installed . | . . . . . . Triggered . | . . . . . . Machines | -11 -10 -10 -10 -9 -8 ---------- Run | Scr Mat Min Exi Min Mat Machines Disabled 12 | . . . . 6 6 Max in Single Turn 4 | . . . . 4 3 Machines Sabotaged . | . . . . . . Garrisons Compromised . | . . . . . . Overloaded Fab Kills . | . . . . . . Fab Network Shutdowns . | . . . . . . Hacking | -11 -10 -10 -10 -9 -8 --------- Run | Scr Mat Min Exi Min Mat Machines Accessed 2 | . 2 . . . . Terminals 2 | . 2 . . . . Fabricators . | . . . . . . Repair Stations . | . . . . . . Recycling Units . | . . . . . . Scanalyzers . | . . . . . . Garrison Access . | . . . . . . Total Hacks 3 | . 3 . . . . Successful 3 | . 3 . . . . Failed . | . . . . . . Catastrophic . | . . . . . . Database Lockouts . | . . . . . . Manual 1 | . . . 1 . . Terminals 3 | . 3 . . . . Fabricators . | . . . . . . Repair Stations . | . . . . . . Recycling Units . | . . . . . . Scanalyzers . | . . . . . . Garrison Access . | . . . . . . Terminal Hacks 3 | . 3 . . . . Record 1 | . 1 . . . . Branch Access Points 1 | . 1 . . . . Maintenance Status 1 | . 1 . . . . Fabricator Hacks . | . . . . . . Repair Station Hacks . | . . . . . . Recycling Unit Hacks . | . . . . . . Scanalyzer . | . . . . . . Garrison Access Hacks . | . . . . . . Unauthorized Hacks . | . . . . . . Terminals . | . . . . . . Fabricators . | . . . . . . Repair Stations . | . . . . . . Recycling Units . | . . . . . . Scanalyzers . | . . . . . . Garrison Access . | . . . . . . Data Cores Recovered . | . . . . . . Used . | . . . . . . Hacking Detections 1 | . 1 . . . . Full Trace Events . | . . . . . . Feedback Events . | . . . . . . Feedback Blocked . | . . . . . . Robot Schematics Acquired . | . . . . . . Robots Built . | . . . . . . Matter . | . . . . . . Time . | . . . . . . Total Robot Build Rating . | . . . . . . Part Schematics Acquired . | . . . . . . Parts Built . | . . . . . . Matter . | . . . . . . Time . | . . . . . . Total Part Build Rating . | . . . . . . Parts Repaired . | . . . . . . Time . | . . . . . . Parts Recycled . | . . . . . . Recycled Matter . | . . . . . . Retrieved Matter . | . . . . . . Retrieved Components . | . . . . . . Parts Scanalyzed . | . . . . . . Part Schematics Acquired . | . . . . . . Parts Damaged . | . . . . . . Bothacking | -11 -10 -10 -10 -9 -8 ------------ Run | Scr Mat Min Exi Min Mat Used RIF Installer . | . . . . . . Robots Hacked . | . . . . . . Non-combat . | . . . . . . Combat . | . . . . . . Robot Hacks Applied . | . . . . . . Relay Couplers Released . | . . . . . . Robots Rewired . | . . . . . . Allies Hacked . | . . . . . . Hacks Repelled . | . . . . . . Allies | -11 -10 -10 -10 -9 -8 -------- Run | Scr Mat Min Exi Min Mat Total Allies . | . . . . . . Largest Group . | . . . . . . Highest-Rated Group . | . . . . . . Highest-Rated Ally . | . . . . . . Total Orders . | . . . . . . Ally Attacks . | . . . . . . Total Damage . | . . . . . . Kills . | . . . . . . Allies Corrupted . | . . . . . . Allies Melted . | . . . . . . Intel | -11 -10 -10 -10 -9 -8 ------- Run | Scr Mat Min Exi Min Mat Robot Analysis Total . | . . . . . . Derelict Logs Recovered 1 | . . 1 . . . Drone Launches . | . . . . . . Drone Recoveries . | . . . . . . Exploration | -11 -10 -10 -10 -9 -8 ------------- Run | Scr Mat Min Exi Min Mat Turns Passed 2080 | 59 301 440 796 216 268 Spaces Moved 1097 | 46 166 267 508 57 53 Core 4 | 4 . . . . . Treads . | . . . . . . Legs 1093 | 42 166 267 508 57 53 Wheels . | . . . . . . Hover . | . . . . . . Flight . | . . . . . . Fastest Speed 50 | 50 120 150 120 210 270 Average Speed 161 | 113 134 150 152 287 297 Slowest Speed 300 | 120 150 150 210 300 300 Overloaded Moves . | . . . . . . Propulsion Burnouts . | . . . . . . Robots Hopped . | . . . . . . Cave-ins Triggered . | . . . . . . Exploration Rate (%) 33 | 3 36 61 79 15 6 Regions Visited 5 Branch Regions 3 Pre-discovered Areas . | . . . . . . Known Exits Taken 2 | . 1 . 1 . . Unknown Exits Taken 3 | 1 . 1 . 1 . Scrap Searched 1 | . . 1 . . . Spaces Dug . | . . . . . . Terrain Destroyed 35 | . 9 2 . 6 18 Melee . | . . . . . . Projectile 3 | . . 2 . . 1 AOE 32 | . 9 . . 6 17 Terrain Rammed . | . . . . . . Walls Destroyed . | . . . . . . Machines Disabled . | . . . . . . Actions | -11 -10 -10 -10 -9 -8 --------- Run | Scr Mat Min Exi Min Mat Total 1328 | 50 206 287 529 105 151 Wait 148 | . 10 7 1 44 86 Move 1092 | 45 165 266 507 56 53 Hop . | . . . . . . Pick Up . | . . . . . . Fast Attach 23 | 5 7 1 10 . . Attach . | . . . . . . Detach . | . . . . . . Swap . | . . . . . . Drop 17 | . 5 1 11 . . Fire 47 | . 19 12 . 4 12 Melee . | . . . . . . Ram . | . . . . . . Kick 1 | . . . . 1 . Crush . | . . . . . . Escape Stasis . | . . . . . . Rewire . | . . . . . . Trap . | . . . . . . Miscellaneous . | . . . . . . Route ------- -11/Scrapyard -10/Materials (discovered 2 exits: *Min x2) -10/Mines (discovered 2 exits: [*Mat] / *Exi) -10/Exiles (discovered 2 exits: *Min x2) -9/Mines -8/Materials History --------- Turn | Location | Event 2 | -11/Scrapyard | Discovered new exit (range 16) 60 | -11/Scrapyard | Entered Materials 251 | -10/Materials | Identified exit to Mines 303 | -10/Materials | Build established: Mutant 361 | -10/Materials | Entered Mines 366 | -10/Mines | Met a Derelict bent on vengeance 378 | -10/Mines | Found a damaged Exp. Sensor Array with a note attached 581 | -10/Mines | A weapon hastily lodged in a ceiling crevice suddenly fell to the ground 758 | -10/Mines | Discovered new exit (range 9) 794 | -10/Mines | Deemed a non-threat by the Exiles lab entrance 795 | -10/Mines | Discovered new exit (range 5) 801 | -10/Mines | Entered Exiles 802 | -10/Exiles | Identified exit to Mines 864 | -10/Exiles | Met 8R-AWN 885 | -10/Exiles | Met EX-HEX 982 | -10/Exiles | Met EX-DEC 1008 | -10/Exiles | Visited The Gauntlet 1238 | -10/Exiles | Met EX-BIN 1259 | -10/Exiles | Aligned with FarCom system 1261 | -10/Exiles | Given EX-Vault access code 1301 | -10/Exiles | Opened EX-Vault 1307 | -10/Exiles | Found Prototype Device 1307 | -10/Exiles | Identified Trap Reconfigurator 1314 | -10/Exiles | Found Prototype Energy Gun 1314 | -10/Exiles | Identified AWS/Thermal 1317 | -10/Exiles | Found Prototype Energy Cannon 1317 | -10/Exiles | Identified Firepult 1347 | -10/Exiles | Warned to stay clear of 0b10 Research branches 1597 | -10/Exiles | Left Exiles lab with Firepult 1597 | -10/Exiles | Entered Mines 1792 | -9/Mines | Discovered new exit (range 8) 1813 | -9/Mines | Entered Materials 1813 | -8/Materials | Evolved 4 slots: Utility x4 2081 | -8/Materials | Self-destructed Last Messages --------------- 02043_ Lgt. Armor Plating melted. 02043_ U-05 Engineer lays Concrete. 02056_ Ion Engine destroyed. 02056_ U-05 Engineer lays Concrete. 02061_ ALERT: Construction progress impeded, dispatching reinforcements to local area. 02062_ U-05 Engineer lays Concrete. 02063_ Aluminum Leg melted. 02063_ G-47 Trooper destroyed. 02065_ U-05 Engineer lays Concrete. 02066_ G-47 Trooper destroyed. 02066_ U-05 Engineer lays Concrete. 02071_ K-01 Serf collects debris. 02072_ U-05 Engineer lays Concrete. 02076_ Welding Torch melted. 02076_ U-05 Engineer destroyed. 02077_ U-05 Engineer lays Concrete. 02078_ Slug penetrates Wall. 02081_ Penetrated by Slug. 02081_ Firepult destroyed. Map ----- +----------------------------------------------------+ | ????????????????????????????????????????? | | ????????????????????????????????????????? | | ????????????????????????????????????????? | | ????????????????????????????????????????? | | ????????????????????????????????????????? | | ???????????????????? ??????????????????? | | ???????????????????? ??????????????????? | | ????????????????? "" ??????????????????? | | ?????????????? ??" ??????????????????? | | ?????????????? = #?????????????????? | | ???????????? % +?????????????????? | | ?????????? * ###########???????? | | ???????? ## #???????? | | ???????? ## #???????? | | ??????? ## ! #???????? | | ??????? "# #???????? | | ?????? ! "# = #???????? | | ?????? * =% "# #???????? | | ?????? !%= % ## * #???????? | | ????? ! ; ]#???????? | | ????? =%[ !#???????? | | ???? ##+######???????? | | ???? #?????????? | | ???? u #?????????? | | ???? k #?????????? | | ???? @ #?????????? | | ?????######"T"#################?????????? | | ??????????#""???????????????????????????? | | ????????????????????????????????????????? | | ????????????????????????????????????????? | | ????????????????????????????????????????? | | ????????????????????????????????????????? | | ????????????????????????????????????????? | | ????????????????????????????????????????? | | ????????????????????????????????????????? | | ????????????????????????????????????????? | | ????????????????????????????????????????? | | ????????????????????????????????????????? | | ????????????????????????????????????????? | | ????????????????????????????????????????? | | ????????????????????????????????????????? | | ????????????????????????????????????????? | | ????????????????????????????????????????? | | ????????????????????????????????????????? | | ????????????????????????????????????????? | | ????????????????????????????????????????? | | ????????????????????????????????????????? | | ????????????????????????????????????????? | | ????????????????????????????????????????? | | ????????????????????????????????????????? | +----------------------------------------------------+ Best States ------------- Heat Dissipation 31 Energy Generation 14 Energy Capacity 650 Matter Stores 300 Matter Capacity 300 Sight Range 16 Terrain Scan Density 10 Armor Coverage 150 Evasion (%) 40 Item Schematics ----------------- None Robot Schematics ------------------ None Fabricated ------------ Nothing Alien Tech Used ----------------- None Achievements -------------- None Challenges ------------ None Game ------ Seed SpreadMeleeSystem Manual? 0 Play Time 00:15:41 Cumulative 54.7 hours Start 2021.05.07 @ 12:14:34 End 2021.05.07 @ 12:30:59 Sessions 1 Manual Loads 0 Difficulty Rogue Special Mode None Game No. 121 Rogue 121 Adventurer 0 Explorer 0 Win Type - Total 0 Types 0/0/0/0/0/0/0/0/0 Lore% 24 Gallery% 31 Achievement% 26 Wizard Run 0 Options --------- ASCII 0 Keyboard 0 Movement Numpad Keybinds 0 Fullscreen 1 Font 12/Smallcaps Map View 83x54 Tactical HUD 1 Map Filters NONE Filters NONE Steam 1 RUN: fa3dd922-049d-488a-966e-543a84f25b32